 Dungeon Crawl Stone Soup version 0.23.2-33-g5129a83184 (webtiles) character file.

Game seed: 11960742168515319176

209 troglodite the Covered (level 5, 0/43 HPs)
             Began as a Gnoll Wanderer on July 5, 2019.
             Asphyxiated
             ... on level 3 of the Dungeon.
             The game lasted 00:08:47 (2896 turns).

troglodite the Covered (Gnoll Wanderer)             Turns: 2896, Time: 00:08:48

Health: 0/43       AC: 13    Str: 15    XL:     5   Next: 87%
Magic:  8/8        EV:  7    Int: 19    God:
Gold:   91         SH:  0    Dex: 12    Spells: 7/7 levels left

rFire    . . .     SeeInvis .   m - +2 morningstar (protect)
rCold    . . .     Gourm    .   (no shield)
rNeg     . . .     Faith    .   b - +2 scale mail
rPois    .         Spirit   .   o - +0 helmet
rElec    .         Reflect  .   (no cloak)
rCorr    .         Harm     .   (no gloves)
MR       .....     Clarity  +   (no boots)
Stlth    +.........             (no amulet)
HPRegen  0.14/turn              n - -3 ring of evasion (curse)
MPRegen  0.11/turn              p - ring of stealth

@: lethally poisoned (0 -> -23), slowed, very slow
A: distributed training, fangs 1, talons 1, slimy green scales 1, clarity,
clever 1, high mp 1, strong nose
a: no special abilities


You were on level 3 of the Dungeon.
You were not hungry.

You visited 1 branch of the dungeon, and saw 3 of its levels.

You collected 91 gold pieces.

Inventory:

Hand Weapons
 d - a +0 blowgun
 m - a +2 morningstar of protection (weapon)
Missiles
 c - 11 poisoned needles
Armour
 b - a +2 scale mail (worn)
 o - a +0 helmet (worn)
Magical Staves
 i - an uncursed staff of air
Jewellery
 n - a cursed -3 ring of evasion (left hand)
 p - a ring of stealth (right hand)
Scrolls
 e - 2 scrolls of remove curse {unknown}
 h - 2 scrolls of teleportation {unknown}
 j - a scroll of blinking {unknown}
 k - 2 scrolls of identify {unknown}
 l - a scroll of enchant armour {unknown}
 q - a scroll of amnesia {unknown}
Potions
 a - a potion of haste {unknown}
Comestibles
 f - 5 rations
 g - a chunk of flesh


   Skills:
 + Level 4.8 Fighting
 + Level 1.6 Short Blades
 + Level 1.6 Long Blades
 + Level 1.6 Axes
 + Level 6.7 Maces & Flails
 + Level 1.6 Polearms
 + Level 1.6 Staves
 + Level 1.6 Slings
 + Level 1.6 Bows
 + Level 1.6 Crossbows
 + Level 3.0 Throwing
 + Level 6.7 Armour
 + Level 1.6 Dodging
 + Level 1.6 Stealth
 + Level 3.0 Shields
 + Level 1.6 Unarmed Combat
 + Level 1.6 Spellcasting
 + Level 1.3 Conjurations
 + Level 1.3 Hexes
 + Level 1.3 Charms
 + Level 1.3 Summonings
 + Level 1.3 Necromancy
 + Level 1.3 Translocations
 + Level 1.3 Transmutations
 + Level 1.3 Fire Magic
 + Level 1.3 Ice Magic
 + Level 1.3 Air Magic
 + Level 1.3 Earth Magic
 + Level 1.3 Poison Magic
 + Level 1.8 Invocations
 + Level 1.6 Evocations


You had 7 spell levels left.
You didn't know any spells.
Your spell library contained the following spells:

 Spells                   Type           Power        Failure   Level  Hunger
 Confusing Touch          Hex            #.....       34%         1    #......
 Confuse                  Hex            #.......     71%         3    ###....
 Gell's Gravitas          Tloc           #.........   71%         3    ###....
 Petrify                  Tmut/Erth      #.......     98%         4    #####..
 Metabolic Englaciation   Hex/Ice        #.........   100%        5    ######.
 Yara's Violent Unravell  Hex/Tmut       #.........   100%        5    ######.


Dungeon Overview and Level Annotations

Branches:
Dungeon (3/15)

Altars:
Yredelemnul


Innate Abilities, Weirdness & Mutations

Your experience applies equally to all skills.
You have very sharp teeth.
Your uncanny sense of smell can sniff out nearby items.
You have sharp toenails.
You are partially covered in slimy green scales. (AC +2)
You possess an exceptional clarity of mind.
Your mind is acute. (Int +2)
You have an increased reservoir of magic. (+10% MP)


Message History

You feel very sick.
You feel very sick.
You feel sick.
You feel sick.
The kobold shoots a curare-tipped needle.
The curare-tipped needle barely misses you.
You feel sick.
The kobold shoots a curare-tipped needle.
The curare-tipped needle barely misses you.
You see here a curare-tipped needle.
You feel sick.
You feel sick.
You feel sick.
You feel sick.
You feel sick.
The kobold shoots a curare-tipped needle.
The curare-tipped needle hits you.
You are lethally poisoned!
You have difficulty breathing.
You die...

...
..##.....#.####
... ####..#.# #..
##.##.# ###..#
#..##.#
..K...#####.###.#
............# #.#
........K)### #.#
.......(#(# #.#
........#.## #@#
........#..####.#
........##...##.#
........####..#.#
..)....## ##.#.#
....... #(K.#
....... ##...#
#...# #...#


You could see a kobold.

Vanquished Creatures
  An orc priest (D:2)
  Jessica (D:2)
  Robin (D:3)
  4 adders
  2 worms
  3 dart slugs
  6 leopard geckos
  6 orcs
  4 giant cockroaches
  14 goblins
  6 hobgoblins
  4 jackals (D:1)
  2 quokkas
  8 bats
  4 frilled lizards
  7 kobolds
  10 rats
  A spectral orc (D:3)
84 creatures vanquished.

Notes
Turn   | Place    | Note
-------+----------+-------------------------------------------
     0 | D:1      | troglodite the Gnoll Wanderer began the quest for the Orb.
     0 | D:1      | troglodite set off with the following items: a +0 mace, a
                  | +2 scale mail, 11 poisoned needles, a +0 blowgun, a ration
     0 | D:1      | Reached XP level 1. HP: 20/20 MP: 1/1
   131 | D:1      | Reached XP level 2. HP: 23/26 MP: 2/2
   542 | D:1      | Reached XP level 3. HP: 27/31 MP: 3/3
   978 | D:2      | Noticed Jessica
   989 | D:2      | Killed Jessica
   989 | D:2      | Reached skill level 1 in Short Blades
   989 | D:2      | Reached skill level 1 in Long Blades
   989 | D:2      | Reached skill level 1 in Axes
   989 | D:2      | Reached skill level 1 in Polearms
   989 | D:2      | Reached skill level 1 in Staves
   989 | D:2      | Reached skill level 1 in Slings
   989 | D:2      | Reached skill level 1 in Bows
   989 | D:2      | Reached skill level 1 in Crossbows
   989 | D:2      | Reached skill level 1 in Dodging
   989 | D:2      | Reached skill level 1 in Stealth
   989 | D:2      | Reached skill level 1 in Unarmed Combat
   989 | D:2      | Reached skill level 1 in Spellcasting
   989 | D:2      | Reached skill level 1 in Invocations
   989 | D:2      | Reached skill level 1 in Evocations
   992 | D:2      | Reached XP level 4. HP: 33/38 MP: 3/5
  1016 | D:1      | Gained mutation: You have a pair of small horns on your
                  | head. [potion of mutation]
  1016 | D:1      | Gained mutation: You have sharp toenails. [potion of
                  | mutation]
  1016 | D:1      | Gained mutation: Your flesh is heat resistant. (rF+)
                  | [potion of mutation]
  1032 | D:1      | HP: 1/38 [poisoned by Jessica]
  1670 | D:2      | Reached skill level 1 in Conjurations
  1670 | D:2      | Reached skill level 1 in Hexes
  1670 | D:2      | Reached skill level 1 in Charms
  1670 | D:2      | Reached skill level 1 in Summonings
  1670 | D:2      | Reached skill level 1 in Necromancy
  1670 | D:2      | Reached skill level 1 in Translocations
  1670 | D:2      | Reached skill level 1 in Transmutations
  1670 | D:2      | Reached skill level 1 in Fire Magic
  1670 | D:2      | Reached skill level 1 in Ice Magic
  1670 | D:2      | Reached skill level 1 in Air Magic
  1670 | D:2      | Reached skill level 1 in Earth Magic
  1670 | D:2      | Reached skill level 1 in Poison Magic
  1785 | D:2      | Reached XP level 5. HP: 37/43 MP: 6/6
  1884 | D:2      | Lost mutation: You have a pair of small horns on your head.
                  | [potion of mutation]
  1884 | D:2      | Lost mutation: Your flesh is heat resistant. (rF+) [potion
                  | of mutation]
  1884 | D:2      | Gained mutation: Your mind is acute. (Int +2) [potion of
                  | mutation]
  1884 | D:2      | Gained mutation: You have an increased reservoir of magic.
                  | (+10% MP) [potion of mutation]
  1884 | D:2      | Gained mutation: You are partially covered in slimy green
                  | scales. (AC +2) [potion of mutation]
  1884 | D:2      | Gained mutation: You possess an exceptional clarity of
                  | mind. [potion of mutation]
  2607 | D:3      | Noticed Robin
  2623 | D:3      | Killed Robin
  2812 | D:3      | Found a basalt altar of Yredelemnul.
  2896 | D:3      | Asphyxiated

Skill      XL: |  1  2  3  4  5 |
---------------+----------------+-----
Short Blades   | 1 |  1.6
Long Blades    | 1 |  1.6
Axes           | 1 |  1.6
Polearms       | 1 |  1.6
Staves         | 1 |  1.6
Slings         | 1 |  1.6
Bows           | 1 |  1.6
Crossbows      | 1 |  1.6
Dodging        | 1 |  1.6
Stealth        | 1 |  1.6
Unarmed Combat | 1 |  1.6
Spellcasting   | 1 |  1.6
Invocations    | 1 |  1.8
Evocations     | 1 |  1.6
Conjurations   | 1 |  1.3
Hexes          | 1 |  1.3
Charms         | 1 |  1.3
Summonings     | 1 |  1.3
Necromancy     | 1 |  1.3
Translocations | 1 |  1.3
Transmutations | 1 |  1.3
Fire Magic     | 1 |  1.3
Ice Magic      | 1 |  1.3
Air Magic      | 1 |  1.3
Earth Magic    | 1 |  1.3
Poison Magic   | 1 |  1.3
Throwing       | 3 |  3.0
Shields        | 3 |  3.0
Fighting       | |  4.8
Maces & Flails | |  6.7
Armour         | |  6.7

Action                   |  1- 3 |  4- 6 || total
-------------------------+-------+-------++-------
Melee: Mace              |    85 |   100 ||   185
       Bite              |     5 |    16 ||    21
       Kick              |       |    26 ||    26
       Headbutt          |       |     9 ||     9
       Morningstar       |       |    34 ||    34
       Punch             |       |     2 ||     2
  Use: Potion            |     1 |     5 ||     6
  Eat: Chunk             |       |     7 ||     7
Armor: Scale mail        |    86 |   139 ||   225
Dodge: Dodged            |    67 |    90 ||   157
